 Dungeon Crawl Stone Soup version 0.31-a0-1237-gabc64e778c (webtiles) character file.

Game seed: 15183956804006148673

61 Twinkles the Slasher (level 3, 0/30 HPs)
             Began as a Demigod Gladiator on Dec 15, 2023.
             Slain by Sigmund
             ... wielding a +0 scythe
              (8 damage)
             ... on level 2 of the Dungeon.
             The game lasted 00:02:28 (949 turns).

Twinkles the Slasher (Demigod Gladiator)             Turns: 949, Time: 00:02:28

Health: 0/30       AC:  6    Str: 15    XL:     3   Next: 58%
Magic:  5/5        EV: 12    Int: 10    God:
Gold:   84         SH:  0    Dex: 19    Spells: 2/2 levels left

rFire   . . .        f - +1 dagger (drain)
rCold   . . .        (no shield)
rNeg    . . .        h - +0 ring mail
rPois   .            c - +0 helmet
rElec   .            (no cloak)
rCorr   .            (no gloves)
SInv    .            (no boots)
Will    .....        (no amulet)
Stlth   +            (no ring)
HPRegen 0.25/turn    (no ring)
MPRegen 0.09/turn

%: no passive effects
@: no status effects
A: high MP 1, forlorn, divine attributes
a: no special abilities


You were on level 2 of the Dungeon.
You visited 1 branch of the dungeon, and saw 2 of its levels.

You collected 84 gold pieces.

Inventory:

Hand Weapons
 a - a +0 long sword
 f - a +1 dagger of draining (weapon)
 q - a +4 dagger of holy wrath
Missiles
 d - a throwing net (quivered)
 e - a javelin
Armour
 b - a +0 leather armour
 c - a +0 helmet (worn)
 h - a +0 ring mail (worn)
Jewellery
 o - a ring of magical power
Scrolls
 g - a scroll of blinking {unknown}
 j - a scroll of fog {unknown}
 l - a scroll of teleportation {unknown}
 p - a scroll of immolation {unknown}
Potions
 i - a potion of might {unknown}
 k - 2 potions of cancellation {unknown}
 m - a potion of heal wounds {unknown}
 n - 2 potions of ambrosia {unknown}


   Skills:
 + Level 2.4 Fighting
 + Level 3.2 Long Blades
 - Level 2.0 Throwing
 + Level 1.0 Armour
 + Level 3.1 Dodging


You had 2 spell levels left.
You didn't know any spells.
Your spell library contained the following spells:

 Spells                   Type           Power      Damage    Failure   Level
 Necrotise                Necr           0%         1d4       58%         1
 Vampiric Draining        Necr           0%         2d6       92%         3
 Agony                    Necr           0%         N/A       100%        5


Dungeon Overview and Level Annotations

Branches:
Dungeon (2/15) Zot: 11061

Annotations:
D:2 Sigmund


Innate Abilities, Weirdness & Mutations

You have an increased reservoir of magic. (+10% MP)
You shall have no god before yourself.
Your divine heritage dramatically boosts your attributes as you level up.


Message History

Sigmund casts a spell at you. You resist with some effort.
You closely miss Sigmund.
Sigmund is moderately wounded.
Sigmund casts a spell at you. The magic dart hits you.
You completely miss Sigmund.
Sigmund is moderately wounded.
Sigmund barely misses you.
You hit Sigmund.
Sigmund is heavily wounded.
You completely miss Sigmund.
Sigmund is heavily wounded.
Sigmund casts a spell at you.
You are confused.
You bump into the rock wall.
Sigmund barely misses you.
You hit Sigmund.
Sigmund is heavily wounded.
Sigmund zaps a wand.
The puff of flame hits you.
You bump into the rock wall.
Sigmund closely misses you.
You bump into the rock wall.
You bump into the rock wall.
Sigmund closely misses you.
You miss Sigmund.
Sigmund is heavily wounded.
Sigmund barely misses you.
You barely miss Sigmund.
Sigmund is heavily wounded.
You bump into the rock wall.
You feel less confused. Sigmund barely misses you.
You barely miss Sigmund.
Sigmund is heavily wounded.
Sigmund zaps a wand.
The puff of flame hits you!
* * * LOW HITPOINT WARNING * * *
You hit Sigmund. You punch Sigmund, but do no damage.
Sigmund is severely wounded.
Sigmund says, "Look into my eyes."
Sigmund hits you with a +0 scythe!
You die...
Sigmund begins carving another notch in his scythe.

.# .# .# .## .. .#
##########.#####.
##########(...@@..........
.........#.########.......
.........#.###############
.#......##.............
............)..########
....@...######.#
........######.####
.....w..##........#
........##......#.#


You could see Sigmund (very drained).

Vanquished Creatures
  Robin (D:2)
  A worm (D:2)
  2 dart slugs (D:1)
  4 endoplasms (D:1)
  14 goblins
  6 hobgoblins
  3 kobolds
  A quokka (D:1)
  A bat (D:1)
  A frilled lizard (D:2)
  4 rats
38 creatures vanquished.

Notes
Turn   | Place    | Note
-------+----------+-------------------------------------------
     0 | D:1      | Twinkles the Demigod Gladiator began the quest for the Orb.
     0 | D:1      | Reached XP level 1. HP: 17/17 MP: 3/3
    54 | D:1      | HP: 5/17 [goblin/+0 club (2)]
    61 | D:1      | Reached XP level 2. HP: 10/24 MP: 4/4
   733 | D:2      | Reached XP level 3. HP: 29/29 MP: 5/5
   750 | D:2      | Noticed Robin
   792 | D:2      | HP: 8/30 [Robin/+4 dagger of holy wrath (4)]
   795 | D:2      | Killed Robin
   796 | D:2      | Reached skill level 1 in Armour
   908 | D:2      | Noticed Sigmund
   948 | D:2      | HP: 8/30 [Sigmund/puff of flame (7)]
   949 | D:2      | Slain by Sigmund

Illustrated notes

Levels and vault maps discovered:
D:1:      tarquinn_simple_flora_water_a, layout_rooms,
          amcnicky_mini_corridor_feature, minmay_tripent
D:2:      layout_basic, serial_shops, nicolae_shop_window_shopping, uniq_robin,
          uniq_sigmund

Skill      XL: |  1  2  3 |
---------------+----------+-----
Throwing       | 2 |  2.0
Fighting       | 2 |  2.4
Dodging        | 3 |  3.1
Long Blades    | 3 |  3.2
Armour         | 1 |  1.0

Action                     || total
---------------------------++-------
  Melee: Dagger            ||   130
         Long sword        ||     3
         Punch             ||     2
  Throw: Throwing net      ||     2
 Armour: Leather armour    ||    14
         Ring mail         ||    64
  Dodge: Dodged            ||    74

Table legend: (Time is in decaauts)
 A = Elapsed time spent in this place.
 B = Non-inter-level travel time spent in this place.
 C = Inter-level travel time spent in this place.
 D = Time resting spent in this place.
 E = Time spent auto-exploring this place.
 F = Levels seen in this place.
 G = Mean time per level.
                   A        B        C        D        E       F      G
               +--------+--------+--------+--------+--------+-----+--------+
         Total |    938 |    901 |     37 |     54 |    585 |   2 |  469.0 |
       Dungeon |    938 |    901 |     37 |     54 |    585 |   2 |  469.0 |
               +--------+--------+--------+--------+--------+-----+--------+

Top non-repeatable levels by time:
     D:1: 631 daAuts
     D:2: 306 daAuts
